 Seeded DCSS version 0.29-a0-834-g1e95ca9f62 (webtiles) character file.

Game seed: 20220712 (custom seed)

154 muata the Insei (level 5, -1/41 HPs)
             Began as a Gnoll Transmuter on July 12, 2022.
             Slain by a hobgoblin (2 damage)
             ... on level 2 of the Dungeon.
             The game lasted 00:08:19 (2394 turns).

muata the Insei (Gnoll Transmuter)                  Turns: 2394, Time: 00:08:19

Health: -1/41      AC:  2    Str: 10    XL:     5   Next: 36%
Magic:  10/12      EV: 13    Int: 14    God:
Gold:   102        SH:  0    Dex: 12    Spells: 10/14 levels left

rFire   . . .      SeeInvis .   o - +3 dagger
rCold   . . .      Faith    .   (no shield)
rNeg    . . .      Spirit   .   a - +0 robe
rPois   .          Reflect  .   (helmet currently unavailable)
rElec   .          Harm     .   (no cloak)
rCorr   .          Rampage  .   (no gloves)
Will    .....                   (boots currently unavailable)
Stlth   ++........              (no amulet)
HPRegen 0.13/turn               (no ring)
MPRegen 0.13/turn               (no ring)

@: appendages (expiring), wereblooded
A: horns 2, talons 2, fangs 1, strong nose, distributed training
a: End Transformation


You were on level 2 of the Dungeon.
You had temporarily grown beastly horns and talons.
You visited 1 branch of the dungeon, and saw 2 of its levels.

You collected 102 gold pieces.

Inventory:

Hand Weapons
 d - a +1 dagger of venom
 o - a +3 dagger (weapon)
Missiles
 l - 3 boomerangs
Armour
 a - a +0 robe (worn)
 e - a +0 pair of boots (melded)
 m - a +0 leather armour
Scrolls
 g - a scroll of immolation {unknown}
 h - a scroll of teleportation {unknown}
 n - a scroll of identify {unknown}
Potions
 b - a potion of lignification
 c - 2 potions of attraction {unknown}
 i - a potion of curing
 j - a potion of flight {unknown}
 k - a potion of experience {unknown}


   Skills:
 + Level 3.0 Fighting
 + Level 1.5 Short Blades
 + Level 1.5 Long Blades
 + Level 1.5 Axes
 + Level 1.5 Maces & Flails
 + Level 1.5 Polearms
 + Level 1.5 Staves
 + Level 1.5 Ranged Weapons
 + Level 1.5 Throwing
 + Level 1.5 Armour
 + Level 4.8 Dodging
 + Level 1.5 Stealth
 + Level 1.5 Shields
 + Level 6.7 Unarmed Combat
 + Level 5.2 Spellcasting
 + Level 1.2 Conjurations
 + Level 1.2 Hexes
 + Level 1.2 Summonings
 + Level 1.2 Necromancy
 + Level 1.2 Translocations
 + Level 4.0 Transmutations
 + Level 1.2 Fire Magic
 + Level 1.2 Ice Magic
 + Level 1.2 Air Magic
 + Level 1.2 Earth Magic
 + Level 1.2 Poison Magic
 + Level 1.7 Invocations
 + Level 1.5 Evocations


You had 10 spell levels left.
You knew the following spells:

 Your Spells              Type           Power      Damage    Failure   Level
a - Beastly Appendage     Tmut           28%        N/A       3%          1
b - Wereblood             Tmut           14%        N/A       4%          2
c - Shock                 Conj/Air       28%        1d4       11%         1

Your spell library contained the following spells:

 Spells                   Type           Power      Damage    Failure   Level
 Spider Form              Tmut/Pois      11%        N/A       17%         3
 Swiftness                Air            7%         N/A       30%         3
 Ice Form                 Ice/Tmut       11%        N/A       50%         4
 Airstrike                Air            3%         0-2+      71%         4
 Freezing Cloud           Conj/Ice/Air   3%         6-21      96%         5
 Simulacrum               Ice/Necr       3%         N/A       100%        6
 Polar Vortex             Ice            3%         N/A       100%        9


Dungeon Overview and Level Annotations

Branches:
Dungeon (2/15)

Altars:

Shops:
D:1 :[(*:


Innate Abilities, Weirdness & Mutations

You have temporarily grown beastly horns and talons.
You have very sharp teeth.
Your uncanny sense of smell can sniff out nearby items.
Your experience applies equally to all skills.


Message History

Natasha is severely wounded.
Natasha mumbles some strange words.
The shadow imp sputters.
The shadow imp misses you. The shadow imp barely misses you.
The hobgoblin barely misses you.
You hit Natasha. You claw Natasha.
You kill Natasha!
Natasha growls in agony!
The shadow imp disappears in a puff of smoke! x2
The iron imp disappears in a puff of smoke!
The hobgoblin closely misses you. The dart slug launches a dart at you.
The slug dart hits you.
* * * LOW HITPOINT WARNING * * *
Your Fighting skill increases to level 3!
Your Transmutations skill increases to level 4!
The kobold attacks as you move away! The kobold barely misses you.
Your transformation is almost over.
The hobgoblin attacks as you move away! The hobgoblin hits you.
* * * LOW HITPOINT WARNING * * *
Casting: Beastly Appendage (safe; 3% risk of failure)
Confirm with . or Enter, or press ? or * to list all spells.
Your blood is infused with primal strength.
The hobgoblin hits you.
* * * LOW HITPOINT WARNING * * *
You hit the hobgoblin but do no damage. Your bite misses the hobgoblin.
The hobgoblin closely misses you.
You hit the hobgoblin. Your kick misses the hobgoblin.
The hobgoblin is heavily wounded.
The hobgoblin closely misses you.
You closely miss the hobgoblin.
You claw the hobgoblin, but do no damage.
Your punch misses the hobgoblin. Your bite misses the hobgoblin.
The hobgoblin is heavily wounded.
The hobgoblin hits you.
* * * LOW HITPOINT WARNING * * *
You hit the hobgoblin.
The hobgoblin is almost dead.
The hobgoblin hits you.
You die...

#################
#>........).....#############
#............................
#############.#..########.###
........##.##.# #.#
........##.##.# #.#
........##.##.# #.#
........##.##.# #.#
....?..Kg@.##.# #.#
.......w#####.# #.# ........#
#.# #.# ######### #.# #.#
##### ######.### ∆
.....###...))....
####...#####.###
#.##P..##.##.#


You could see a dart slug, a hobgoblin and a kobold.

Vanquished Creatures
  Natasha (twice) (D:2)
  3 adders (D:2)
  4 gnolls (D:2)
  A worm (D:2)
  A dart slug (D:2)
  4 ball pythons
  2 bats
  2 endoplasms
  A giant cockroach (D:2)
  8 goblins
  3 hobgoblins (D:2)
  A frilled lizard (D:1)
  5 kobolds
  2 rats
39 creatures vanquished.

Vanquished Creatures (others)
  3 fungi (D:2)
  A plant (D:2)
4 creatures vanquished.

Grand Total: 43 creatures vanquished

Notes
Turn   | Place    | Note
-------+----------+-------------------------------------------
     0 | D:1      | muata the Gnoll Transmuter began the quest for the Orb.
     0 | D:1      | Reached XP level 1. HP: 17/17 MP: 6/6
   249 | D:1      | Found Dygead's Book Emporium.
   254 | D:1      | Reached XP level 2. HP: 21/23 MP: 7/7
   525 | D:1      | Found Duifag's Antique Weapon Shoppe.
   531 | D:1      | Found Poest's Armour Emporium.
   659 | D:1      | Found Moho Ped's Assorted Antiques.
   775 | D:1      | Found Loleror's Book Shoppe.
  1144 | D:2      | Reached skill level 5 in Spellcasting
  1144 | D:2      | Reached XP level 3. HP: 18/28 MP: 7/9
  1296 | D:2      | Learned a level 2 spell: Wereblood
  1298 | D:2      | Learned a level 1 spell: Shock
  1360 | D:2      | Reached skill level 1 in Invocations
  1366 | D:2      | Reached skill level 1 in Short Blades
  1366 | D:2      | Reached skill level 1 in Long Blades
  1366 | D:2      | Reached skill level 1 in Axes
  1366 | D:2      | Reached skill level 1 in Maces & Flails
  1366 | D:2      | Reached skill level 1 in Polearms
  1366 | D:2      | Reached skill level 1 in Staves
  1366 | D:2      | Reached skill level 1 in Ranged Weapons
  1366 | D:2      | Reached skill level 1 in Throwing
  1366 | D:2      | Reached skill level 1 in Armour
  1366 | D:2      | Reached skill level 1 in Stealth
  1366 | D:2      | Reached skill level 1 in Shields
  1366 | D:2      | Reached skill level 1 in Evocations
  1737 | D:2      | Reached XP level 4. HP: 31/34 MP: 11/11
  1801 | D:2      | Noticed Natasha
  1812 | D:2      | Killed Natasha
  1813 | D:2      | Reached skill level 1 in Conjurations
  1813 | D:2      | Reached skill level 1 in Hexes
  1813 | D:2      | Reached skill level 1 in Summonings
  1813 | D:2      | Reached skill level 1 in Necromancy
  1813 | D:2      | Reached skill level 1 in Translocations
  1813 | D:2      | Reached skill level 1 in Fire Magic
  1813 | D:2      | Reached skill level 1 in Ice Magic
  1813 | D:2      | Reached skill level 1 in Air Magic
  1813 | D:2      | Reached skill level 1 in Earth Magic
  1813 | D:2      | Reached skill level 1 in Poison Magic
  2178 | D:2      | Found a faded altar of an unknown god.
  2260 | D:2      | Reached XP level 5. HP: 40/40 MP: 9/12
  2329 | D:2      | Noticed Natasha
  2387 | D:2      | Killed Natasha
  2393 | D:2      | HP: 1/41 [hobgoblin (3)]
  2394 | D:2      | Slain by a hobgoblin

Illustrated notes

Levels and vault maps discovered:
D:1:      shiori_shiawase, layout_basic, serial_shops, shop, shop,
          nicolae_shop_statue_plus, shop, shop, kennysheep_boxes
D:2:      layout_basic, shapermc_ecumenical_altar_gd, uniq_natasha

Skill      XL: |  1  2  3  4  5 |
---------------+----------------+-----
Spellcasting   | 5 |  5.2
Invocations    | 1 |  1.7
Short Blades   | 1 |  1.5
Long Blades    | 1 |  1.5
Axes           | 1 |  1.5
Maces & Flails | 1 |  1.5
Polearms       | 1 |  1.5
Staves         | 1 |  1.5
Ranged Weapons | 1 |  1.5
Throwing       | 1 |  1.5
Armour         | 1 |  1.5
Stealth        | 1 |  1.5
Shields        | 1 |  1.5
Evocations     | 1 |  1.5
Conjurations   | 1 |  1.2
Hexes          | 1 |  1.2
Summonings     | 1 |  1.2
Necromancy     | 1 |  1.2
Translocations | 1 |  1.2
Fire Magic     | 1 |  1.2
Ice Magic      | 1 |  1.2
Air Magic      | 1 |  1.2
Earth Magic    | 1 |  1.2
Poison Magic   | 1 |  1.2
Fighting       | 3 |  3.0
Transmutations | 4 |  4.0
Dodging        | |  4.8
Unarmed Combat | |  6.7

Action                   |  1- 3 |  4- 6 || total
-------------------------+-------+-------++-------
Melee: Unarmed           |    16 |       ||    16
       Dagger            |    58 |    66 ||   124
       Bite              |     6 |     7 ||    13
       Punch             |     4 |     1 ||     5
       Kick              |     1 |     7 ||     8
       Headbutt          |       |     7 ||     7
 Cast: Beastly Appendage |     2 |     4 ||     6
       Wereblood         |     1 |     2 ||     3
 Stab: Sleeping          |     1 |     1 ||     2
Armor: Robe              |    12 |     6 ||    18
Dodge: Dodged            |    58 |    43 ||   101

Table legend: (Time is in decaauts)
 A = Elapsed time spent in this place.
 B = Non-inter-level travel time spent in this place.
 C = Inter-level travel time spent in this place.
 D = Time resting spent in this place.
 E = Time spent auto-exploring this place.
 F = Levels seen in this place.
 G = Mean time per level.
                   A        B        C        D        E       F      G
               +--------+--------+--------+--------+--------+-----+--------+
         Total |   2385 |   2366 |     19 |    445 |   1486 |   2 | 1192.5 |
       Dungeon |   2385 |   2366 |     19 |    445 |   1486 |   2 | 1192.5 |
               +--------+--------+--------+--------+--------+-----+--------+

Top non-repeatable levels by time:
     D:2: 1279 daAuts
     D:1: 1106 daAuts
